 Dungeon Crawl Stone Soup version 0.26-a0-30-g56b8cd3df0 (webtiles) character file.

Game seed: 251409321860489103, levelgen mode: deterministic

67 vurker the Conjurer (level 3, -9/20 HPs)
             Began as a Deep Elf Conjurer on May 30, 2020.
             Mangled by a centaur (10 damage)
             ... on level 3 of the Dungeon.
             The game lasted 00:03:16 (2375 turns).

vurker the Conjurer (Deep Elf Conjurer)             Turns: 2375, Time: 00:03:16

Health: -9/20      AC:  2    Str:  5    XL:     3   Next: 98%
Magic:  7/10       EV: 13    Int: 20    God:
Gold:   108        SH:  0    Dex: 21    Spells: 7/10 levels left

rFire    . . .     SeeInvis .   o - +2 dagger (drain)
rCold    . . .     Gourm    .   (no shield)
rNeg     . . .     Faith    .   a - +0 robe
rPois    .         Spirit   .   (no helmet)
rElec    .         Reflect  .   (no cloak)
rCorr    .         Harm     .   (no gloves)
MR       .....                  (no boots)
Stlth    +.........             (no amulet)
HPRegen  0.06/turn              k - +6 ring of dexterity
MPRegen  0.12/turn              (no ring)

@: very slightly contaminated, very slow
A: no striking features
a: no special abilities


You were on level 3 of the Dungeon.
You were not hungry.

You visited 1 branch of the dungeon, and saw 3 of its levels.

You collected 108 gold pieces.

Inventory:

Hand Weapons
 o - a +2 dagger of draining (weapon)
   (You took it off a kobold on level 2 of the Dungeon)
Armour
 a - a +0 robe (worn)
Magical Staves
 l - an uncursed staff of wizardry
   (You found it on level 2 of the Dungeon)
Jewellery
 k - a +6 ring of dexterity (left hand)
   (You found it on level 2 of the Dungeon)
Scrolls
 f - a scroll of amnesia {unknown}
 h - 3 scrolls of identify {unknown}
 j - a scroll of blinking {unknown}
 m - a scroll of magic mapping {unknown}
Potions
 c - a potion of lignification {unknown}
 d - a potion of heal wounds {unknown}
 g - a potion of flight {unknown}
 i - 2 potions of mutation {unknown}
 n - 2 potions of brilliance {unknown}
Comestibles
 b - a chunk of flesh
 e - 6 rations


   Skills:
 + Level 1.0 Fighting
 - Level 2.4 Dodging
 - Level 2.4 Stealth
 * Level 4.3 Spellcasting
 * Level 5.2 Conjurations


You had 7 spell levels left.
You knew the following spells:

 Your Spells              Type           Power        Failure   Level  Hunger
a - Magic Dart            Conj           ####         1%          1    None
b - Searing Ray           Conj           ####..       2%          2    #......

Your spell library contained the following spells:

 Spells                   Type           Power        Failure   Level  Hunger
 Dazzling Flash           Conj/Hex       ##....       13%         3    ###....
 Fulminant Prism          Conj/Hex       ##........   38%         4    ####...
 Iskenderun's Mystic Bla  Conj/Tloc      ##......     38%         4    ####...


Dungeon Overview and Level Annotations

Branches:
Dungeon (3/15)

Altars:


Message History

Unknown command.
Your magical contamination has completely faded away.
All of the chunks of flesh in your inventory have rotted away.
You see here a +0 hand axe.
Items here: )) ÷÷ † a +0 short sword; a cursed -1 club; an orc corpse; a hobgoblin skeleton a bat skeleton You butcher the orc corpse.
b - a chunk of flesh
Items here: )) ÷÷÷ a +0 short sword; a cursed -1 club; an orc skeleton; a hobgoblin skeleton a bat skeleton
Items here: )) ÷÷÷ a +0 short sword; a cursed -1 club; an orc skeleton; a hobgoblin skeleton a bat skeleton
Things that are here:
a +0 short sword; a +0 chain mail
Found a ration.
e - 5 rations (gained 1)
e - 6 rations (gained 1)
Found a faded altar of an unknown god.
You enter the shallow water.
Moving in this stuff is going to be slow.
A rat and a centaur come into view.
The centaur wields a +0 shortbow.
The centaur shoots an arrow.
The arrow hits you.
You hear a splash.
You see here an arrow.
Aim: a rat The magic dart hits the rat!
You kill the rat!
The centaur shoots an arrow.
The arrow closely misses you.
You hear a splash.
You start resting.
The centaur is too close now for your liking.
You enter the shallow water.
Moving in this stuff is going to be slow.
The centaur unwields a +0 shortbow.
The centaur completely misses you.
You see here an arrow.
Your unstable footing causes you to fumble your attack.
The centaur hits you. The centaur hits you!
* * * LOW HITPOINT WARNING * * *
Aim: a centaur, quivering 23 arrows You miscast Searing Ray.
You are very lightly contaminated with residual magic.
Nothing appears to happen.
The centaur hits you.
* * * LOW HITPOINT WARNING * * *
The centaur hits you!
Ouch! That really hurt!
You die...

≈≈≈≈≈≈.........
≈≈≈≈≈≈.≈.......
≈≈≈≈≈≈≈≈.......
.♣.≈≈≈.........
._.≈≈≈≈≈.......
≈≈♣≈≈≈≈≈...†...
≈≈≈≈≈≈≈≈c......
≈≈≈≈≈≈≈@#
≈≈≈≈≈≈≈.#
≈...≈≈..#######
...≈..≈.......#
###...........#
#...........#
#...........#
##.#........#
#.#.......)#


You could see a centaur.

Vanquished Creatures
  An ooze (D:2)
  A dart slug (D:1)
  2 leopard geckos (D:2)
  4 orcs (D:3)
  14 giant cockroaches
  6 hobgoblins
  A quokka (D:2)
  4 bats
  7 goblins
  4 kobolds
  3 rats
47 creatures vanquished.

Notes
Turn   | Place    | Note
-------+----------+-------------------------------------------
     0 | D:1      | vurker the Deep Elf Conjurer began the quest for the Orb.
     0 | D:1      | Reached XP level 1. HP: 10/10 MP: 6/6
   376 | D:1      | Reached XP level 2. HP: 16/16 MP: 6/8
  1137 | D:2      | Reached XP level 3. HP: 15/20 MP: 1/10
  1317 | D:2      | Reached skill level 5 in Conjurations
  1535 | D:2      | Learned a level 2 spell: Searing Ray
  2060 | D:3      | Reached skill level 1 in Fighting
  2365 | D:3      | Found a faded altar of an unknown god.
  2368 | D:3      | Noticed a centaur
  2374 | D:3      | HP: 1/20 [centaur (1)]
  2375 | D:3      | Mangled by a centaur

Illustrated notes

Levels and vault maps discovered:
D:1:      wander_arrival_fairy_ring, layout_basic, hangedman_decor_points
D:2:      minmay_roachtagon, layout_loops_ring
D:3:      layout_basic, chequers_ecumenical_altar_island, first_ration

Skill      XL: |  1  2  3 |
---------------+----------+-----
Spellcasting   | 4 |  4.3
Conjurations   | 5 |  5.2
Fighting       | 1 |  1.0
Dodging        | |  2.4
Stealth        | |  2.4

Action                   || total
-------------------------++-------
Melee: Dagger            ||    28
 Cast: Magic Dart        ||    94
       Searing Ray       ||     1
  Eat: Chunk             ||     4
Armor: Robe              ||     6
Dodge: Dodged            ||    31

Table legend:
 A = Non-vault XP
 B = Vault XP
 C = Vault XP percentage of total XP
 D = Non-vault monster count
 E = Vault monster count
 F = Vault count percentage of total count
                 A         B        C        D         E       F
            +---------+---------+-------+---------+---------+-------
      Total |      74 |      22 |  22.9 |      36 |      11 |  23.4
            +---------+---------+-------+---------+---------+-------
        D:1 |      25 |       0 |   0.0 |      13 |       0 |   0.0
        D:2 |      27 |      22 |  44.9 |      13 |      11 |  45.8
        D:3 |      22 |       0 |   0.0 |      10 |       0 |   0.0
            +---------+---------+-------+---------+---------+-------
